 Dungeon Crawl Stone Soup version 0.28.0-43-g3370ac3207 (webtiles) character file.

Game seed: 18237109605790044365

25690 Cykl0x the Geomancer (level 13, -1/80 HPs)
             Began as a Gargoyle Earth Elementalist on Mar 8, 2022.
             Was a High Priest of Vehumet.
             Slain by a skeletal warrior
             ... wielding a +0 battleaxe
             ... led by a skeletal warrior
              (18 damage)
             ... on level 12 of the Dungeon.
             The game lasted 00:28:20 (18202 turns).

Cykl0x the Geomancer (Gargoyle Earth Elementalist) Turns: 18202, Time: 00:28:20

Health: -1/80      AC: 28    Str: 15    XL:     13   Next: 21%
Magic:  2/35       EV: 10    Int: 18    God:    Vehumet [*****.]
Gold:   1636       SH:  4    Dex: 10    Spells: 24/31 levels left

rFire   . . .      SeeInvis +   K - +4 scimitar
rCold   . . .      Faith    .   h - +0 buckler
rNeg    + . .      Spirit   .   i - +5 scale mail
rPois   ∞          Reflect  .   t - +0 helmet
rElec   +          Harm     .   s - +0 cloak
rCorr   .          Rampage  .   a - +0 pair of gloves
Will    .....                   H - +1 pair of boots
Stlth   ..........              (no amulet)
HPRegen 0.23/turn               w - ring of see invisible
MPRegen 0.24/turn               b - ring of magical power

@: no status effects
A: sickness immunity, AC +9, negative energy resistance 1, electricity
resistance, torment resistance 1, petrification resistance
a: Renounce Religion


You were on level 12 of the Dungeon.
You worshipped Vehumet.
Vehumet was extremely pleased with you.
You visited 2 branches of the dungeon, and saw 14 of its levels.
You also visited: Sewer.

You collected 1636 gold pieces.

Inventory:

Hand Weapons
 v - a +1 long sword of protection
 y - a +0 short sword of draining
 G - a +1 short sword of venom
 K - a +4 scimitar (weapon)
Missiles
 c - 313 stones
Armour
 a - a +0 pair of gloves (worn)
 h - a +0 buckler (worn)
 i - a +5 scale mail (worn)
 s - a +0 cloak (worn)
 t - a +0 helmet (worn)
 H - a +1 pair of boots (worn)
Jewellery
 b - a ring of magical power (right hand)
 d - an amulet of guardian spirit
 k - a ring of positive energy
 w - a ring of see invisible (left hand)
 z - a +4 ring of evasion
 A - a ring of magical power
 J - a +6 ring of strength
Wands
 n - a wand of digging (11)
 r - a wand of flame (11)
 x - a wand of iceblast (16)
 L - a wand of paralysis (5)
Scrolls
 g - 2 scrolls of fear
 l - 5 scrolls of identify
 u - a scroll of enchant weapon
 C - 2 scrolls of summoning
 D - 2 scrolls of fog
 E - 3 scrolls of enchant armour
 M - 3 scrolls of magic mapping
Potions
 e - 2 potions of heal wounds
 f - 6 potions of flight
 j - a potion of resistance {unknown}
 m - 3 potions of attraction
 o - a potion of magic
 p - a potion of curing
 q - 2 potions of brilliance
 B - 3 potions of mutation
 F - 2 potions of haste
 I - a potion of ambrosia {unknown}


   Skills:
 * Level 8.8 Fighting
 + Level 2.1(3.2) Short Blades
 + Level 3.7(4.0) Long Blades
 * Level 5.8 Armour
 * Level 5.6 Dodging
 - Level 2.1 Stealth
 + Level 2.9 Shields
 + Level 0.1 Unarmed Combat
 + Level 9.6 Spellcasting
 + Level 12.0 Conjurations
 - Level 0.7 Transmutations
 + Level 12.2 Earth Magic


You had 24 spell levels left.
You knew the following spells:

 Your Spells              Type           Power      Damage    Failure   Level
a - Sandblast             Erth           100%       2d20      1%          1
b - Stone Arrow           Conj/Erth      100%       3d13      1%          3
c - Mephitic Cloud        Conj/Pois/Air  23%        N/A       6%          3

Your spell library contained the following spells:

 Spells                   Type           Power      Damage    Failure   Level
 Conjure Ball Lightning   Conj/Air       15%        3x3d6     73%         6
 Foxfire                  Conj/Fire      100%       2x1d9     1%          1
 Static Discharge         Conj/Air       30%        N/A       1%          2
 Conjure Flame            Conj/Fire      30%        6-21      2%          3
 Dazzling Flash           Conj/Hex       60%        N/A       2%          3
 Passwall                 Tmut/Erth      26%        N/A       4%          2
 Flame Wave               Conj/Fire      30%        2d8       9%          4
 Sticky Flame             Conj/Fire      30%        2d5       9%          4
 Poisonous Vapours        Pois/Air       16%        N/A       16%         2
 Petrify                  Tmut/Erth      32%        N/A       26%         4
 Inner Flame              Hex/Fire       8%         N/A       28%         3
 Leda's Liquefaction      Hex/Erth       15%        N/A       30%         4
 Animate Skeleton         Necr           16%        N/A       36%         1
 Apportation              Tloc           16%        N/A       36%         1
 Summon Small Mammal      Summ           32%        N/A       36%         1
 Call Canine Familiar     Summ           8%         N/A       75%         3
 Portal Projectile        Hex/Tloc       16%        N/A       75%         3
 Dispel Undead            Necr           8%         3d8       98%         4
 Agony                    Necr           8%         N/A       100%        5
 Silence                  Hex/Air        4%         N/A       100%        5
 Summon Forest            Summ/Tloc      4%         N/A       100%        5
 Summon Horrible Things   Summ           4%         N/A       100%        8


Dungeon Overview and Level Annotations

Branches:
Dungeon (13/15)            Temple (1/1) D:5            Lair (0/6) D:8
    Orc (0/2) D:12          Sewer (visited)
 Vaults: D:13-14

Altars:
Elyvilon
Fedhas
Makhleb
Nemelex Xobeh
Uskayaw
Vehumet
Zin

Shops:
D:4 [   D:9 *

Annotations:
D:8 exclusion: 2 oklob saplings


Innate Abilities, Weirdness & Mutations

You are immune to sickness and miasma.
Your stone body is resilient. (AC +9)
You are immune to poison.
You resist negative energy. (rN+)
You are resistant to electric shocks. (rElec)
You are resistant to unholy torment.
You are immune to petrification.


Message History

Confirm with . or Enter, or press ? or * to list all spells.
You don't have enough magic to cast this spell.
Unknown command.
Casting: Stone Arrow (safe; 1% risk of failure)
Confirm with . or Enter, or press ? or * to list all spells.
Aiming: Sandblast (safe; 1% risk of failure)
Press: ? - help, Shift-Dir - straight line, f/p - skeletal warrior
Aim: a skeletal warrior, wielding a +0 battleaxe (heavily damaged, 84% to hit)
The blast of sand hits the skeletal warrior!!
The skeletal warrior is almost destroyed.
c - 314 stones The skeletal warrior hits you but does no damage.
Casting: Sandblast (safe; 1% risk of failure)
Confirm with . or Enter, or press ? or * to list all spells.
Aiming: Sandblast (safe; 1% risk of failure)
Press: ? - help, Shift-Dir - straight line, f/p - skeletal warrior
Aim: a skeletal warrior, wielding a +0 battleaxe (almost destroyed, 84% to hit)
The blast of sand hits the skeletal warrior but does no damage.
The skeletal warrior is almost destroyed.
c - 313 stones The skeletal warrior hits you with a +0 battleaxe.
Casting: Sandblast (safe; 1% risk of failure)
Confirm with . or Enter, or press ? or * to list all spells.
You don't have enough magic to cast this spell.
Unknown command.
You hit the skeletal warrior but do no damage.
The skeletal warrior is almost destroyed.
The skeletal warrior closely misses you.
You hit the skeletal warrior.
The skeletal warrior is almost destroyed.
The skeletal warrior hits you with a +0 battleaxe!
* * * LOW HITPOINT WARNING * * *
You barely miss the skeletal warrior.
The skeletal warrior is almost destroyed.
The skeletal warrior barely misses you.
You hit the skeletal warrior but do no damage.
The skeletal warrior is almost destroyed.
The skeletal warrior barely misses you.
The skeletal warrior hits you with a +0 battleaxe!!
You die...

.###......#
#....###.#.#.##.#.#
#.#....#..#
#.##............#.#
##........#
#.##.###.#.#.####.#
..........#####.##.#
##...#####.#
###.............##.#
##>.......#
##...###########.#
########## ##.######
#.# #......#######.#
######.....z@..#
###########


You could see a skeletal warrior.

Vanquished Creatures
  Rupert (D:13)
  A boulder beetle (D:12)
  3 hydras
  A tengu warrior (D:13)
  4 two-headed ogres
  Nergalle (D:12)
  2 skeletal warriors (D:13)
  A deep elf pyromancer (D:12)
  3 cyclopes
  2 ugly things (D:11)
  5 gargoyles
  4 unseen horrors
  3 trolls
  9 slime creatures
  A hornet (D:8)
  Grinder (D:4)
  A meliai zombie (D:12)
  2 dream sheep (D:10)
  4 shadows
  2 vampires
  2 basilisks
  A wyvern (D:10)
  4 yaks
  An acid dragon (D:8)
  A water moccasin (D:8)
  7 orc warriors
  A sky beast (D:3)
  A black bear (D:5)
  4 ice beasts
  An ogre (D:7)
  6 necrophages
  4 centaurs
  A phantom (D:5)
  Blork the orc (D:4)
  4 kobold brigands
  5 bullfrogs
  A gnoll sergeant (D:10)
  5 scorpions
  A wyvern skeleton (D:7)
  20 killer bees
  8 wights
  2 bullfrog zombies (D:5)
  8 centaur zombies
  2 hounds
  4 orc priests
  3 jellies
  A centaur skeleton (D:7)
  3 iguanas
  Crazy Yiuf (D:3)
  11 orc wizards
  Natasha (thrice) (D:2)
  A mummy (D:12)
  A howler monkey zombie (D:8)
  Robin (D:1)
  A howler monkey skeleton (D:5)
  16 adders
  10 gnolls
  6 river rats
  A white imp (D:5)
  An ufetubus (D:2)
  2 worms (D:6)
  2 dart slugs (D:1)
  36 orcs
  3 bats
  4 endoplasms
  3 giant cockroaches
  21 goblins
  7 hobgoblins
  4 jackals
  8 quokkas
  30 ball pythons
  8 frilled lizards
  23 kobolds
  32 rats
389 creatures vanquished.

Vanquished Creatures (others)
  A bush (D:8)
  14 fungi (D:8)
  16 plants (D:8)
  4 withered plants (D:12)
35 creatures vanquished.

Grand Total: 424 creatures vanquished

Notes
Turn   | Place    | Note
-------+----------+-------------------------------------------
     0 | D:1      | Cykl0x the Gargoyle Earth Elementalist began the quest for
                  | the Orb.
     0 | D:1      | Reached XP level 1. HP: 10/10 MP: 3/3
   226 | D:1      | Reached XP level 2. HP: 15/15 MP: 3/5
   631 | D:1      | Reached skill level 1 in Conjurations
   674 | D:1      | Reached XP level 3. HP: 19/19 MP: 2/6
   678 | D:1      | Learned a level 3 spell: Stone Arrow
  1300 | D:2      | Noticed Robin
  1440 | D:1      | Killed Robin
  1564 | D:2      | Reached XP level 4. HP: 24/24 MP: 0/8
  2218 | D:2      | Noticed Natasha
  2226 | D:2      | Killed Natasha
  2227 | D:2      | Reached skill level 5 in Earth Magic
  2227 | D:2      | Reached XP level 5. HP: 19/28 MP: 1/9
  2666 | D:2      | Noticed Natasha
  2669 | D:2      | Killed Natasha
  3082 | D:2      | Noticed Natasha
  3086 | D:2      | Killed Natasha
  3681 | D:3      | Reached XP level 6. HP: 32/32 MP: 3/11
  4032 | D:3      | Found a sparkling altar of Nemelex Xobeh.
  4185 | D:3      | Found a runed translucent door.
  4186 | D:3      | Noticed Crazy Yiuf
  4277 | D:3      | Killed Crazy Yiuf
  4369 | D:4      | Noticed a sky beast
  4384 | D:3      | Killed a sky beast
  4617 | D:4      | Reached XP level 7. HP: 9/36 MP: 1/13
  4855 | D:4      | Found Neorus's Antique Armour Emporium.
  5121 | D:4      | Noticed Blork the orc
  5128 | D:4      | Killed Blork the orc
  5280 | D:4      | Noticed Grinder
  5284 | D:4      | Paralysed by Grinder for 5 turns
  5289 | D:4      | Killed Grinder
  5290 | D:4      | Reached skill level 1 in Short Blades
  5499 | D:5      | Entered Level 5 of the Dungeon
  5515 | D:5      | Reached skill level 5 in Spellcasting
  5635 | D:5      | Reached XP level 8. HP: 42/42 MP: 8/15
  5749 | D:5      | Found a staircase to the Ecumenical Temple.
  5760 | Temple   | Entered the Ecumenical Temple
  5871 | Temple   | Became a worshipper of Vehumet
  6381 | D:5      | Reached skill level 1 in Shields
  6689 | D:5      | Reached skill level 5 in Conjurations
  7066 | D:6      | Reached skill level 1 in Fighting
  7066 | D:6      | Reached skill level 1 in Long Blades
  7323 | D:6      | Reached XP level 9. HP: 47/47 MP: 1/17
  7454 | D:6      | Found a glowing drain.
  7462 | Sewer    | Entered a sewer
  7572 | Sewer    | Reached * piety under Vehumet
  7572 | Sewer    | Offered knowledge of Foxfire by Vehumet.
  8145 | Sewer    | Offered knowledge of Searing Ray by Vehumet.
  8146 | Sewer    | Reached ** piety under Vehumet
  8567 | D:6      | Reached skill level 1 in Armour
  9207 | D:7      | Offered knowledge of Poisonous Vapours by Vehumet.
  9654 | D:7      | Identified a scroll of acquirement
  9654 | D:7      | Acquired 1047 gold pieces
  9935 | D:7      | Reached *** piety under Vehumet
 10643 | D:8      | Reached XP level 10. HP: 56/56 MP: 19/19
 10891 | D:8      | Offered knowledge of Frozen Ramparts by Vehumet.
 11169 | D:8      | Found a staircase to the Lair.
 11794 | D:8      | Got the Catalogue of Floating Companions
 12045 | D:8      | Reached **** piety under Vehumet
 12247 | D:9      | Offered knowledge of Olgreb's Toxic Radiance by Vehumet.
 12465 | D:9      | Reached skill level 5 in Fighting
 12546 | D:9      | Found Beuxev's General Store.
 12744 | D:9      | Found a blossoming altar of Fedhas.
 13093 | D:10     | Entered Level 10 of the Dungeon
 13105 | D:10     | Reached XP level 11. HP: 61/64 MP: 9/22
 13813 | D:10     | Reached skill level 10 in Earth Magic
 13877 | D:10     | Learned a level 3 spell: Mephitic Cloud
 14012 | D:10     | Noticed a three-headed hydra
 14018 | D:10     | Killed a three-headed hydra
 14019 | D:10     | Reached skill level 10 in Conjurations
 14431 | D:11     | Noticed a brown ugly thing
 14437 | D:11     | Killed a brown ugly thing
 14546 | D:11     | Noticed a two-headed ogre
 14550 | D:11     | Killed a two-headed ogre
 14617 | D:11     | Noticed a green ugly thing
 14626 | D:11     | Killed a green ugly thing
 14713 | D:11     | Noticed a two-headed ogre
 14718 | D:11     | Killed a two-headed ogre
 14820 | D:11     | Noticed a cyclops
 14823 | D:11     | Killed a cyclops
 15312 | D:12     | Noticed a deep elf pyromancer
 15321 | D:12     | Killed a deep elf pyromancer
 15322 | D:12     | Reached XP level 12. HP: 70/71 MP: 13/24
 15342 | D:12     | Reached ***** piety under Vehumet
 15342 | D:12     | Offered knowledge of Conjure Ball Lightning by Vehumet.
 15591 | D:12     | Noticed a six-headed hydra
 15922 | D:12     | Found a staircase to the Orcish Mines.
 15941 | D:12     | Noticed a boulder beetle
 15943 | D:12     | Killed a six-headed hydra
 15956 | D:12     | Killed a boulder beetle
 16228 | D:12     | Noticed a five-headed hydra
 16233 | D:12     | Killed a five-headed hydra
 16423 | D:12     | Noticed Nergalle
 16438 | D:12     | Killed Nergalle
 16583 | D:12     | Reached skill level 5 in Armour
 16765 | D:12     | Noticed a two-headed ogre
 16769 | D:12     | Killed a two-headed ogre
 16814 | D:12     | Noticed a two-headed ogre
 16817 | D:12     | Killed a two-headed ogre
 16878 | D:12     | Reached skill level 5 in Dodging
 17420 | D:13     | Noticed a centaur warrior
 17619 | D:13     | Noticed Rupert
 17629 | D:13     | Killed Rupert
 17630 | D:13     | Reached XP level 13. HP: 18/79 MP: 11/26
 18202 | D:12     | Slain by a skeletal warrior

Illustrated notes

Levels and vault maps discovered:
D:1:      dpeg_arrival_three_same_balls, layout_basic
D:2:      minmay_diamond_boxcup, layout_rooms, minmay_cupped, uniq_robin,
          uniq_natasha
D:3:      layout_rooms, nemelex_xobeh_ov_fountains_minmay,
          kennysheep_big_empty_room, hex_tiny, st_stairs_6,
          uniq_crazy_yiuf_cottage
D:4:      layout_rooms, serial_shops, nicolae_shop_hallway_stairs,
          nicolae_concentric_dashed_squares_wild, uniq_grinder,
          uniq_blork_the_orc
D:5:      layout_basic, temple_fountains, grunt_ministairs_11
D:6:      layout_basic, gup_sewer_entry_bubbles, grunt_ministairs_10
D:7:      layout_loops_ring, grunt_ministairs_10
D:8:      layout_cave_pools, grunt_lair_entry_orc_guard_hut,
          minmay_misc_feat_roman, kennysheep_pointless_box,
          introduction_to_nature_2
D:9:      layout_basic, lemuel_coloured_pillars_altar, serial_shops, shop,
          chequers_serial_rivers_micro_e, chequers_serial_rivers_micro_c
D:10:     lemuel_ice_spiral_2, layout_irregular_city, hangedman_ranch
D:11:     kennysheep_spiral_hall, layout_basic
D:12:     layout_loops_ring, david_orc_3, serial_undead, serial_undead_e,
          serial_undead_e, serial_undead_a, serial_undead_a, serial_undead_b,
          serial_undead_e, uniq_nergalle
D:13:     layout_basic, hangedman_vaults_entry_quadrant_bands, uniq_josephine,
          uniq_jorgrun, uniq_rupert
Temple:   mainiacjoe_temple_big_plus

Skill      XL: |  1  2  3  4  5  6  7  8  9 10 11 12 13 |
---------------+----------------------------------------+-----
Earth Magic    | 4 5 6 7 9 11 12 | 12.2
Conjurations   | 1 2 3 4 5 7 9 11 12 | 12.0
Spellcasting   | 3 4 5 6 7 8 9 |  9.6
Dodging        | 2 3 5 |  5.6
Short Blades   | 1 2 |  2.1
Shields        | 1 2 |  2.9
Fighting       | 1 3 5 6 8 |  8.8
Long Blades    | 1 2 3 |  3.7
Armour         | 2 4 5 |  5.8
Stealth        | |  2.1
Unarmed Combat | |  0.1
Transmutations | |  0.7

Action                   |  1- 3 |  4- 6 |  7- 9 | 10-12 | 13-15 || total
-------------------------+-------+-------+-------+-------+-------++-------
Melee: Unarmed           |     2 |       |       |       |       ||     2
       Short sword       |     8 |     6 |       |     3 |       ||    17
       Rapier            |       |     7 |     2 |       |       ||     9
       Long sword        |       |       |    95 |    80 |       ||   175
       Scimitar          |       |       |       |     3 |     8 ||    11
 Cast: Sandblast         |    36 |    33 |    61 |    13 |     2 ||   145
       Stone Arrow       |    11 |    48 |   164 |   334 |    35 ||   592
Evoke: Wand              |       |       |     1 |       |       ||     1
  Use: Scroll            |     4 |     2 |    12 |     7 |       ||    25
       Potion            |     1 |       |       |     3 |       ||     4
 Stab: Sleeping          |     1 |       |       |       |       ||     1
Armor: Robe              |     7 |       |       |       |       ||     7
       Animal skin       |       |    14 |    30 |       |       ||    44
       Ring mail         |       |       |    44 |       |       ||    44
       Scale mail        |       |       |    76 |   240 |    20 ||   336
Dodge: Dodged            |    18 |    11 |    94 |   131 |    15 ||   269
Block: Buckler           |       |       |    55 |    46 |     5 ||   106
